 Dungeon Crawl Stone Soup version 0.30-a0-651-g0755cc6dcf (webtiles) character file.

Game seed: 11793246345468333141

237 Oxelix the Trooper (level 5, -4/50 HPs)
             Began as a Minotaur Fighter on Jan 18, 2023.
             Slain by an iguana (8 damage)
             ... on level 3 of the Dungeon.
             The game lasted 00:02:29 (2285 turns).

Oxelix the Trooper (Minotaur Fighter)               Turns: 2285, Time: 00:02:29

Health: -4/50      AC: 11    Str: 23    XL:     5   Next: 77%
Magic:  4/4        EV:  6    Int:  5    God:
Gold:   101        SH:  4    Dex:  9    Spells: 4/4 levels left

rFire   . . .      SeeInvis .    a - +0 war axe
rCold   . . .      Faith    .    c - +0 buckler
rNeg    . . .      Spirit   .    k - +0 plate armour
rPois   .          Reflect  .    (helmet restricted)
rElec   .          Harm     .    (no cloak)
rCorr   .          Rampage  .    (no gloves)
Will    .....                    (no boots) Stlth
                                 (no amulet)
HPRegen 0.28/turn                (no ring)
MPRegen 0.09/turn                (no ring)

@: no status effects
A: horns 2, retaliatory headbutt
a: no special abilities


You were on level 3 of the Dungeon.
You visited 1 branch of the dungeon, and saw 3 of its levels.

You collected 101 gold pieces.

Inventory:

Hand Weapons
 a - a +0 war axe (weapon)
Missiles
 n - 3 poisoned darts (quivered)
Armour
 c - a +0 buckler (worn)
 k - a +0 plate armour (worn)
Jewellery
 g - a +4 ring of protection
 l - a ring of magical power
Wands
 m - a wand of digging (1)
Scrolls
 e - a scroll of poison {unknown}
 f - 2 scrolls of identify {unknown}
 h - a scroll of brand weapon {unknown}
 i - a scroll of amnesia {unknown}
Potions
 b - a potion of haste {unknown}
 d - a potion of might
 j - a potion of curing {unknown}


   Skills:
 + Level 6.1 Fighting
 + Level 5.4 Axes
 - Level 3.6 Armour
 - Level 3.6 Shields


You had 4 spell levels left.
You didn't know any spells.
Your spell library was empty.

Dungeon Overview and Level Annotations

Branches:
Dungeon (3/15)

Altars:


Innate Abilities, Weirdness & Mutations

You have a pair of horns on your head.
You reflexively headbutt those who attack you in melee.


Message History

You barely miss the orc. You block the orc's attack.
You slash the orc!
You kill the orc!
Things that are here:
a +0 club; a +0 leather armour A dart slug comes into view.
Found a chain mail.
An ogre comes into view. It is wielding a +0 giant club.
The ogre shouts!
You hear an angry hiss.
The dart slug launches a dart at you.
The slug dart hits you but does no damage.
Okay, then.
You barely miss the ogre.
The ogre hits you with a +0 giant club!!
You slash the ogre!
The ogre is moderately wounded.
You block the ogre's attack.
You hit the ogre.
The ogre is heavily wounded.
The ogre hits you with a +0 giant club!!
* * * LOW HITPOINT WARNING * * *
You slash the ogre! You headbutt the ogre.
The ogre is almost dead.
An iguana comes into view.
You completely miss the ogre.
The ogre is almost dead.
You hit the dart slug. The ogre hits you but does no damage.
The dart slug closely misses you.
You slash the ogre!
You kill the ogre!
You slash the dart slug!
You kill the dart slug!
Your Fighting skill increases to level 6!
Your Axes skill increases to level 5!
You hit the iguana.
The iguana is moderately wounded.
The iguana bites you!
* * * LOW HITPOINT WARNING * * *
The iguana bites you!
You die...

.# ###[# ....#
#>..# .... #
#?.# #.#..#
#.#)#@.#
#...l..#
###.#..# #.#..#
. #).#
#######..#
.....[...######
.######†.......
#[#######


You could see an iguana.

Vanquished Creatures
  An ogre (D:3)
  4 gnolls (D:2)
  4 adders
  A worm (D:2)
  4 dart slugs
  2 orcs
  5 ball pythons
  4 bats
  7 endoplasms
  2 giant cockroaches (D:1)
  10 goblins
  7 hobgoblins
  3 jackals (D:1)
  A quokka (D:2)
  2 frilled lizards (D:1)
  3 kobolds
  3 rats
63 creatures vanquished.

Vanquished Creatures (others)
  A fungus (D:1)
1 creature vanquished.

Grand Total: 64 creatures vanquished

Notes
Turn   | Place    | Note
-------+----------+-------------------------------------------
     0 | D:1      | Oxelix the Minotaur Fighter began the quest for the Orb.
     0 | D:1      | Reached XP level 1. HP: 19/19 MP: 0/0
    97 | D:1      | Found a faded altar of an unknown god.
   143 | D:1      | Reached skill level 4 in Fighting
   143 | D:1      | Reached XP level 2. HP: 27/27 MP: 1/1
   547 | D:1      | Reached XP level 3. HP: 33/34 MP: 2/2
  1108 | D:2      | Reached XP level 4. HP: 41/41 MP: 3/3
  1216 | D:2      | Reached skill level 5 in Fighting
  1447 | D:2      | HP: 2/42 [gnoll/+0 spear (5)]
  2211 | D:2      | Reached XP level 5. HP: 39/48 MP: 4/4
  2277 | D:3      | Noticed an ogre
  2284 | D:3      | Killed an ogre
  2285 | D:3      | Reached skill level 6 in Fighting
  2285 | D:3      | Reached skill level 5 in Axes
  2285 | D:3      | Slain by an iguana

Illustrated notes

Levels and vault maps discovered:
D:1:      mrwooster_arrival_statue, layout_loops_ring,
          shapermc_ecumenical_altar_gd, minmay_misc_feat_tower, minmay_domino_4
D:2:      layout_basic, minivault_5, nrook_campfire,
          chequers_serial_rivers_room_b
D:3:      layout_loops_ring, uniq_sigmund

Skill      XL: |  1  2  3  4  5 |
---------------+----------------+-----
Fighting       | 4 5 6 |  6.1
Axes           | 3 4 5 |  5.4
Armour         | |  3.6
Shields        | |  3.6

Action                   |  1- 3 |  4- 6 || total
-------------------------+-------+-------++-------
Melee: War axe           |    79 |    60 ||   139
       Headbutt          |     9 |     5 ||    14
Armor: Scale mail        |    28 |       ||    28
       Plate armour      |    23 |    26 ||    49
Dodge: Dodged            |    32 |    16 ||    48
Block: Buckler           |    22 |    15 ||    37

Table legend: (Time is in decaauts)
 A = Elapsed time spent in this place.
 B = Non-inter-level travel time spent in this place.
 C = Inter-level travel time spent in this place.
 D = Time resting spent in this place.
 E = Time spent auto-exploring this place.
 F = Levels seen in this place.
 G = Mean time per level.
                   A        B        C        D        E       F      G
               +--------+--------+--------+--------+--------+-----+--------+
         Total |   2335 |   2200 |    135 |    251 |   1486 |   3 |  778.3 |
       Dungeon |   2335 |   2200 |    135 |    251 |   1486 |   3 |  778.3 |
               +--------+--------+--------+--------+--------+-----+--------+

Top non-repeatable levels by time:
     D:2: 1386 daAuts
     D:1: 903 daAuts
     D:3: 45 daAuts
